 Dungeon Crawl Stone Soup version 0.22.0-16-gc6d26f6 (webtiles) character file.

89 sking99 the Insei (level 4, -6/28 HPs)
             Began as an Octopode Transmuter on Aug 17, 2018.
             Mangled by Grinder (7 damage)
             ... on level 3 of the Dungeon.
             The game lasted 00:04:49 (3149 turns).

sking99 the Insei (Octopode Transmuter)             Turns: 3149, Time: 00:04:50

Health: -6/28      AC:  2    Str:  9    XL:     4   Next: 55%
Magic:  1/7        EV: 20    Int: 20    God:
Gold:   99         SH:  0    Dex: 18    Spells: 1/7 levels left

rFire    . . .     SeeInvis .     - Unarmed
rCold    . . .     Gourm    .   (shield currently unavailable)
rNeg     . . .     Faith    .   (helmet currently unavailable)
rPois    x         Spirit   .   (no amulet)
rElec    .         Reflect  .   (no ring)
rCorr    .         Harm     .   (no ring)
MR       .....                  (no ring)
Stlth    ++........             (no ring)
HPRegen  0.09/turn              (no ring)
MPRegen  0.10/turn              (no ring)
                                (no ring)
                                (no ring)

@: brilliant, spider-form (expiring), hasted, very quick
A: tiny, almost no armour, stealthy swim, (amphibious), 8 rings, (constrict 8)
a: End Transformation


You were on level 3 of the Dungeon.
You were hungry.
You were a venomous arachnid creature.
You visited 1 branch of the dungeon, and saw 3 of its levels.

You collected 99 gold pieces.

Inventory:

Missiles
 a - 45 arrows
Jewellery
 d - an uncursed amulet of guardian spirit {unknown}
 l - a +3 ring of intelligence {unknown}
Wands
 j - a wand of paralysis (11)
Scrolls
 b - 2 scrolls of amnesia {unknown}
 e - a scroll of remove curse {unknown}
 g - a scroll of immolation {unknown}
 k - 2 scrolls of teleportation {unknown}
 m - a scroll of magic mapping {unknown}
Potions
 f - a potion of flight {unknown}
 h - a potion of brilliance
 o - a potion of degeneration {unknown}
Comestibles
 c - 7 rations
 n - 2 chunks of flesh


   Skills:
 - Level 1.0 Fighting
 - Level 2.0 Dodging
 - Level 4.2 Unarmed Combat
 - Level 2.0 Spellcasting
 + Level 2.9 Transmutations
 - Level 2.0 Poison Magic


You had one spell level left.
You knew the following spells:

 Your Spells              Type           Power        Failure   Level  Hunger
a - Beastly Appendage     Tmut           ####..       1%          1    #......
b - Sticks to Snakes      Tmut           ####....     2%          2    ##.....
c - Spider Form           Tmut/Pois      ###.......   4%          3    ###....

Your spell library contained the following spells:

 Spells                   Type           Power        Failure   Level  Hunger
 Blade Hands              Tmut           ####......   22%         5    ######.
 Ice Form                 Ice/Tmut       ###.....     16%         4    #####..


Dungeon Overview and Level Annotations

Branches:
Dungeon (3/15)

Altars:
Vehumet

Annotations:
D:3 Grinder


Innate Abilities, Weirdness & Mutations

You cannot wear most types of armour.
You are very stealthy in the water. (Stealth+)
((You are amphibious.))
You can wear up to eight rings at the same time.
((You can use your tentacles to constrict eight enemies at once.))
((Your skin changes colour to match your surroundings (Stealth+).))
((Your rubbery body absorbs attacks. (AC +1, EV +1)))


Message History

Unknown command.
Unknown command.
Unknown command.
Unknown command.
You hit Grinder but do no damage.
Grinder is heavily wounded.
Your ball python bites Grinder but does no damage.
Your ball python constricts Grinder.
Grinder hits you.
* * * LOW HITPOINT WARNING * * *
You writhe in agony.
* * * LOW HITPOINT WARNING * * *
Your ball python bites Grinder but does no damage.
Your ball python constricts Grinder.
It was a potion of brilliance.
You feel clever all of a sudden.
Your transformation is almost over.
Grinder gestures at your ball python.
Your ball python writhes in agony!
Your ball python dies!
It was a potion of haste.
You feel yourself speed up. Grinder hits you!
You die...

#.[.....##.# #.#
#......# #.#
#.......##.# #.#
#.###..###.#
#.......'..# #.#
#...........
#.......######.#
#####..###.#
#..............#
##......
#........####..#
##..##.#
#........# #..#
##...##.#
#####....# #..#
#........ ######
#s.# #.....#.#
.......5.#
###.....#.#
########.#
..........# ..
........... ...
....####..# (...
....#.....#
.........#......
..............>#
#########.#


You could see Grinder.

Vanquished Creatures
  An adder (D:2)
  An ooze (D:1)
  5 worms
  4 dart slugs
  3 leopard geckos
  3 orcs (D:3)
  4 bats
  2 giant cockroaches (D:2)
  7 goblins
  3 hobgoblins
  4 jackals (D:2)
  4 kobolds
  A ball python (D:2)
  4 rats
46 creatures vanquished.

Notes
Turn   | Place    | Note
-------+----------+-------------------------------------------
     0 | D:1      | sking99 the Octopode Transmuter began the quest for the Orb.
     0 | D:1      | Reached XP level 1. HP: 13/13 MP: 3/3
   357 | D:1      | Reached XP level 2. HP: 16/18 MP: 5/5
  1006 | D:1      | Reached skill level 4 in Unarmed Combat
  1023 | D:2      | Reached XP level 3. HP: 23/23 MP: 4/6
  1083 | D:2      | Learned a level 2 spell: Sticks to Snakes
  1087 | D:2      | Learned a level 3 spell: Spider Form
  1496 | D:2      | Reached skill level 1 in Poison Magic
  2005 | D:2      | Reached XP level 4. HP: 25/28 MP: 7/7
  2357 | D:2      | Found a radiant altar of Vehumet.
  3133 | D:3      | Noticed Grinder
  3140 | D:3      | Paralysed by Grinder for 6 turns
  3147 | D:3      | HP: 1/28 [Grinder (3)]
  3149 | D:3      | Mangled by Grinder

Skill      XL: |  1  2  3  4 |
---------------+-------------+-----
Unarmed Combat | 4 |  4.2
Poison Magic   | 1 2 |  2.0
Fighting       | |  1.0
Dodging        | |  2.0
Spellcasting   | |  2.0
Transmutations | |  2.9

Action                   |  1- 3 |  4- 6 || total
-------------------------+-------+-------++-------
Melee: Unarmed           |    73 |    52 ||   125
       Constrict         |    19 |     5 ||    24
       Tentacles         |    13 |     2 ||    15
       Punch             |     4 |       ||     4
       Kick              |     6 |       ||     6
 Cast: Beastly Appendage |     5 |       ||     5
       Spider Form       |       |     4 ||     4
       Sticks to Snakes  |       |     2 ||     2
  Use: Potion            |       |     2 ||     2
 Stab: Sleeping          |     5 |     1 ||     6
  Eat: Chunk             |     4 |       ||     4
       Ration            |       |     1 ||     1
Armor: Skin              |     9 |       ||     9
Dodge: Dodged            |    30 |    20 ||    50
